 Dungeon Crawl Stone Soup version 0.30-a0-702-gdf48620a09 (webtiles) character file.

Game seed: 17979918227375659592

1968 Leeroy the Carver (level 9, -2/48 HPs)
             Began as a Tengu Warper on Jan 21, 2023.
             Was an Initiate of Vehumet.
             Killed by divine providence
             ... invoked by an orc priest
              (16 damage)
             ... on level 7 of the Dungeon.
             The game lasted 00:09:10 (4626 turns).

Leeroy the Carver (Tengu Warper)                    Turns: 4626, Time: 00:09:10

Health: -2/48      AC: 10    Str: 12    XL:     9   Next: 20%
Magic:  13/13      EV: 15    Int: 14    God:    Vehumet [......]
Gold:   216        SH:  0    Dex: 23    Spells: 3/12 levels left

rFire   . . .      SeeInvis .    J - +0 long sword
rCold   . . .      Faith    .    (no shield)
rNeg    . . .      Spirit   .    G - +3 ring mail
rPois   .          Reflect  .    (helmet restricted)
rElec   .          Harm     .    q - +0 cloak
rCorr   +          Rampage  .    (no gloves)
Will    .....                    (boots unavailable)
Stlth   +                        l - amulet of regeneration
HPRegen 1.08/turn                f - +6 ring of dexterity
MPRegen 0.13/turn                H - ring of resist corrosion

@: flying quickly and evasively, quick
A: beak, talons 3, nimble flight
a: Renounce Religion


You were on level 7 of the Dungeon.
You worshipped Vehumet.
Vehumet was noncommittal.
You visited 1 branch of the dungeon, and saw 7 of its levels.

You collected 282 gold pieces.
You spent 66 gold pieces at shops.

Inventory:

Hand Weapons
 a - a +0 falchion
 y - a +5 sling
 z - a +2 trident of freezing
 J - a +0 long sword (weapon)
 K - a +1 dagger of venom
Missiles
 d - 7 boomerangs of dispersal (quivered)
 s - 8 boomerangs
 E - 6 poisoned darts
Armour
 b - a +0 leather armour
 q - a +0 cloak (worn)
 B - a +0 robe of positive energy
 G - a +3 ring mail (worn)
Jewellery
 f - a +6 ring of dexterity (left hand)
 l - an amulet of regeneration (around neck)
 H - a ring of resist corrosion (right hand)
Wands
 o - a wand of roots (9)
 C - a wand of paralysis (5)
 M - a wand of mindburst (9)
Scrolls
 c - a scroll of blinking
 e - 3 scrolls of teleportation {unknown}
 g - a scroll of poison {unknown}
 j - a scroll of enchant weapon {unknown}
 p - 4 scrolls of identify {unknown}
 t - 2 scrolls of torment {unknown}
 v - a scroll of magic mapping {unknown}
 x - a scroll of amnesia {unknown}
 D - 2 scrolls of fear {unknown}
 F - 2 scrolls of vulnerability {unknown}
 I - a scroll of fog {unknown}
Potions
 h - a potion of resistance {unknown}
 i - 2 potions of heal wounds {unknown}
 k - 2 potions of lignification {unknown}
 m - 2 potions of curing
 n - 2 potions of ambrosia {unknown}
 r - a potion of degeneration {unknown}
 u - a potion of flight {unknown}
 w - a potion of might {unknown}
 A - a potion of cancellation {unknown}
 L - a potion of berserk rage {unknown}


   Skills:
 - Level 2.0 Fighting
 + Level 9.0 Long Blades
 - Level 1.0 Throwing
 + Level 5.2 Armour
 - Level 4.3 Dodging
 - Level 2.0 Spellcasting
 - Level 2.4 Translocations
 - Level 8.0 Air Magic


You had 3 spell levels left.
You knew the following spells:

 Your Spells              Type           Power      Damage    Failure   Level
a - Blink                 Tloc           16%        N/A       28%         2
b - Vhi's Electric Charg  Tloc/Air       32%        N/A       17%         3
c - Airstrike             Air            11%        2d(2-18)  19%         4

Your spell library contained the following spells:

 Spells                   Type           Power      Damage    Failure   Level
 Apportation              Tloc           16%        N/A       19%         1
 Lesser Beckoning         Tloc           16%        N/A       28%         2
 Kindle Blastsparks       Fire/Tloc/Air  22%        2d11      34%         3
 Magic Dart               Conj           4%         1d3       43%         1
 Necrotise                Necr           4%         1d4       43%         1
 Summon Small Mammal      Summ           4%         N/A       43%         1
 Gell's Gravitas          Tloc           8%         N/A       50%         3
 Teleport Other           Tloc           8%         N/A       50%         3
 Searing Ray              Conj           2%         2d4       58%         2
 Portal Projectile        Hex/Tloc       8%         N/A       65%         3
 Ignite Poison            Fire/Tmut/Pois 1%         N/A       82%         3
 Tukima's Dance           Hex            1%         N/A       82%         3
 Summon Lightning Spire   Summ/Air       12%        N/A       67%         4
 Manifold Assault         Tloc           8%         N/A       88%         4
 Lightning Bolt           Conj/Air       6%         1d18      95%         5
 Fulminant Prism          Conj/Hex       0%         3d5       99%         4
 Freezing Cloud           Conj/Ice/Air   4%         6-21      99%         5
 Blade Hands              Tmut           0%         N/A       100%        5
 Dispersal                Tloc           4%         N/A       100%        6


Dungeon Overview and Level Annotations

Branches:
Dungeon (7/15)             Temple (0/1) D:6

Altars:
Elyvilon
Makhleb
Vehumet
Yredelemnul

Shops:
D:2 [=(!:   D:4 =

Annotations:
D:4 Menkaure
D:5 1 runed translucent door, Crazy Yiuf
D:6 Maggie


Innate Abilities, Weirdness & Mutations

You have a beak for a mouth.
You have claws for feet.
Your magical nature lets you fly swiftly and evasively.


Message History

You closely miss the gnoll. The gnoll closely misses you.
You barely miss the gnoll. You peck the gnoll. You punch the gnoll.
The gnoll is moderately wounded.
An orc comes into view. It is wielding a +0 short sword.
The gnoll misses you.
The orc warrior hits you from afar with a +0 glaive!
You barely miss the gnoll.
The orc shouts!
You claw the gnoll, but do no damage. You peck the gnoll.
The gnoll is heavily wounded.
The gnoll closely misses you. The orc warrior misses you.
You slash the gnoll!
You kill the gnoll!
Vehumet accepts your kill. The gnoll misses you.
The orc warrior barely misses you.
An orc comes into view. It is wielding a +0 whip.
An orc priest comes into view.
It is wielding a +0 hand axe and wearing a +0 leather armour of fire resistance.
Your Long Blades skill increases to level 9!
The gnoll hits you from afar with a +0 halberd.
The orc warrior closely misses you.
The orc shouts!
You hit the orc warrior but do no damage.
The gnoll misses you. The orc warrior misses you.
The orc priest mumbles some strange prayers to Beogh against you.
Beogh smites you!
An orc comes into view. It is wielding a +0 dagger.
You slash the orc warrior!
You claw the orc warrior, but do no damage.
You peck the orc warrior, but do no damage.
The orc warrior is moderately wounded.
The gnoll hits you from afar with a +0 halberd!
The orc warrior misses you.
A sky beast comes into view.
You are too injured to fight recklessly!
The gnoll hits you from afar with a +0 halberd.
The orc warrior hits you from afar with a +0 glaive.
* * * LOW HITPOINT WARNING * * *
The orc priest mumbles some strange prayers to Beogh against you.
Beogh smites you!
You die...

.#..........# ##
......###...####
.#...## #......#
.#...# #......#
....####......#
.###........#######
Y .
##.#####...#...##
..⌠ ###)..)..#.o...
#...@.oo.#
#..).)o>##
#....g..#
.........##
###.......#
#....<..# .........
###........


You could see an orc warrior, an orc priest, a gnoll and 2 orcs.

Vanquished Creatures
  Pikel (D:7)
  2 black bears
  3 ogres
  2 lemures
  2 phantoms (D:5)
  A centaur (D:6)
  3 scorpions
  2 bullfrogs (D:7)
  A howler monkey (D:5)
  A crimson imp (D:5)
  A jelly (D:6)
  4 hounds
  3 iguanas
  Jessica (D:2)
  An orc wizard (D:3)
  2 gnolls (D:7)
  6 adders
  3 white imps
  2 ufetubi
  4 dart slugs
  24 orcs
  4 endoplasms
  4 giant cockroaches
  5 goblins
  3 hobgoblins
  4 jackals (D:2)
  5 kobolds
  5 quokkas
  8 ball pythons
  A bat (D:1)
  2 frilled lizards (D:1)
  7 rats
117 creatures vanquished.

Notes
Turn   | Place    | Note
-------+----------+-------------------------------------------
     0 | D:1      | Leeroy the Tengu Warper began the quest for the Orb.
     0 | D:1      | Reached XP level 1. HP: 12/12 MP: 4/4
   218 | D:1      | Reached skill level 3 in Long Blades
   218 | D:1      | Reached XP level 2. HP: 16/17 MP: 6/6
   670 | D:1      | Reached XP level 3. HP: 20/21 MP: 7/7
   973 | D:2      | Found Tass's Book Shop.
   986 | D:2      | Found Raph's Distillery.
   995 | D:2      | Bought a potion of curing for 33 gold pieces
   995 | D:2      | Bought a potion of curing for 33 gold pieces
  1109 | D:2      | Found Ceytazxo's Antique Weapon Shop.
  1117 | D:2      | Reached skill level 4 in Long Blades
  1185 | D:2      | Found Komine's Armour Shop.
  1202 | D:2      | Noticed Jessica
  1210 | D:2      | Found Ytoa's Jewellery Shop.
  1214 | D:2      | Killed Jessica
  1215 | D:2      | Reached XP level 4. HP: 26/26 MP: 8/8
  1393 | D:2      | Identified the +0 pair of boots of Bright Beauty {rN+
                  | Str+2}
  1685 | D:3      | Reached skill level 5 in Long Blades
  1775 | D:3      | Learned a level 2 spell: Blink
  1779 | D:3      | Learned a level 3 spell: Vhi's Electric Charge
  1858 | D:3      | Gained mutation: Your magical nature lets you fly swiftly
                  | and evasively. [Tengu growth]
  1858 | D:3      | Reached XP level 5. HP: 30/30 MP: 9/9
  2125 | D:3      | Reached skill level 6 in Long Blades
  2278 | D:4      | Reached skill level 1 in Air Magic
  2306 | D:4      | Found Ozolev's Jewellery Shop.
  2358 | D:4      | Noticed Menkaure
  2364 | D:5      | Entered Level 5 of the Dungeon
  2428 | D:5      | Noticed a phantom
  2439 | D:5      | Killed a phantom
  2440 | D:5      | Reached XP level 6. HP: 35/35 MP: 10/10
  2501 | D:5      | Found a white marble altar of Elyvilon.
  2757 | D:5      | Reached skill level 5 in Air Magic
  2757 | D:5      | Reached XP level 7. HP: 26/40 MP: 11/11
  3031 | D:5      | Found a runed translucent door.
  3032 | D:5      | Noticed Crazy Yiuf
  3099 | D:5      | Found a basalt altar of Yredelemnul.
  3450 | D:5      | Found a radiant altar of Vehumet.
  3450 | D:5      | Found a burning altar of Makhleb.
  3496 | D:5      | Reached XP level 8. HP: 39/44 MP: 12/12
  3527 | D:5      | Became a worshipper of Vehumet
  3636 | D:6      | Noticed Maggie
  3848 | D:6      | Found a staircase to the Ecumenical Temple.
  3928 | D:6      | Reached skill level 7 in Long Blades
  3939 | D:6      | Noticed Pikel
  4242 | D:5      | Learned a level 4 spell: Airstrike
  4569 | D:7      | Killed Pikel
  4570 | D:7      | Reached skill level 8 in Long Blades
  4570 | D:7      | Reached skill level 5 in Armour
  4570 | D:7      | Reached XP level 9. HP: 48/48 MP: 13/13
  4623 | D:7      | Reached skill level 9 in Long Blades
  4626 | D:7      | Killed from afar by an orc priest

Illustrated notes

Levels and vault maps discovered:
D:1:      tarquinn_simple_flora_water_b, layout_loops_corners
D:2:      layout_loops_ring, serial_shops, shop, nicolae_shop_behind_doors,
          nicolae_shop_trees, nicolae_square_shop, nicolae_shop_waterfront,
          kennysheep_flooded_box, uniq_jessica
D:3:      layout_rooms, roderic_serpentine_path
D:4:      layout_cave_pools, serial_shops, shop, uniq_edmund, uniq_menkaure
D:5:      layout_basic, grunt_temple_overflow_lords_of_destruction,
          kennysheep_ying_yang, minmay_fractal_squares_gapless_5,
          uniq_crazy_yiuf_cottage
D:6:      layout_basic, minmay_temple_entry_junction, uniq_maggie, uniq_pikel
D:7:      layout_rooms, nicolae_overflow_hallway_of_the_gods,
          dreamdust_gnoll_farm

Skill      XL: |  1  2  3  4  5  6  7  8  9 |
---------------+----------------------------+-----
Long Blades    | 3 4 5 6 8 9 |  9.0
Air Magic      | 3 5 7 8 |  8.0
Dodging        | 3 4 |  4.3
Armour         | 2 5 |  5.2
Fighting       | |  2.0
Throwing       | |  1.0
Spellcasting   | |  2.0
Translocations | |  2.4

Action                   |  1- 3 |  4- 6 |  7- 9 || total
-------------------------+-------+-------+-------++-------
Melee: Falchion          |    81 |   108 |    87 ||   276
       Kick              |    19 |    27 |    61 ||   107
       Peck              |     7 |    17 |    44 ||    68
       Punch             |       |     3 |     2 ||     5
       Long sword        |       |       |   101 ||   101
 Fire: Sling             |       |       |     2 ||     2
 Cast: Vhi's Electric Ch |       |     1 |     1 ||     2
       Blink             |       |       |     1 ||     1
  Use: Potion            |       |     1 |       ||     1
 Stab: Sleeping          |       |     2 |     1 ||     3
       Distracted        |       |     1 |       ||     1
Armor: Leather armour    |    14 |    15 |     5 ||    34
       Ring mail         |       |       |    46 ||    46
Dodge: Dodged            |    52 |    60 |   171 ||   283

Table legend: (Time is in decaauts)
 A = Elapsed time spent in this place.
 B = Non-inter-level travel time spent in this place.
 C = Inter-level travel time spent in this place.
 D = Time resting spent in this place.
 E = Time spent auto-exploring this place.
 F = Levels seen in this place.
 G = Mean time per level.
                   A        B        C        D        E       F      G
               +--------+--------+--------+--------+--------+-----+--------+
         Total |   4439 |   4213 |    226 |    255 |   2960 |   7 |  634.1 |
       Dungeon |   4439 |   4213 |    226 |    255 |   2960 |   7 |  634.1 |
               +--------+--------+--------+--------+--------+-----+--------+

Top non-repeatable levels by time:
     D:5: 1514 daAuts
     D:1: 951 daAuts
     D:2: 713 daAuts
     D:3: 548 daAuts
     D:6: 491 daAuts
     D:4: 118 daAuts
     D:7: 101 daAuts
